 Dungeon Sprint DCSS version 0.30-a0-939-gc8157cb160 (webtiles) character file.

Game seed: 16252433668873904407

138 fozzywoppz the Fighter (level 8, -4/57 HPs)
             Began as a Gargoyle Fighter on Mar 25, 2023.
             Was a Priest of Okawaru.
             Slain by an earth elemental (39 damage)
             ... in the Dungeon (Sprint VI: "Thunderdome").
             The game lasted 00:08:44 (580 turns).

fozzywoppz the Fighter (Gargoyle Fighter)            Turns: 580, Time: 00:08:45

Health: -4/57      AC: -10   Str: 19    XL:     8   Next: 40%
Magic:  14/14      EV: 11    Int: 16    God:    Okawaru [***...]
Gold:   106        SH:  5    Dex:  9    Spells: 7/7 levels left

rFire   + . .      SeeInvis +    a - +0 flail
rCold   + + .      Faith    .    s - +0 buckler
rNeg    + + .      Spirit   .    r - +1 ring mail {rC+}
rPois   ∞          Reflect  .    (no helmet)
rElec   +          Rampage  .    (no cloak)
rCorr   .          NoTele   +    (no gloves)
Will    ++...                    (no boots) Stlth
                                 q - amulet "Oratoh" {Will+ Regen+}
HPRegen 1.09/turn                p - ring of Lesser Demons {rF++ rN+ Will+ Str-2 SInv}
MPRegen 0.14/turn                o - ring "Racw" {Ice Int+6}

@: mighty, corroded, hasted, very quick
A: sickness immunity, AC +5, negative energy resistance 1, electricity
resistance, torment resistance 1, petrification resistance
a: Renounce Religion, Heroism


You were in the Dungeon.
You worshipped Okawaru.
Okawaru was most pleased with you.
You visited 1 branch You collected 400 gold pieces.
You spent 294 gold pieces at shops.

Inventory:

Hand Weapons
 a - a +0 flail (weapon)
Armour
 r - a +1 ring mail of cold resistance (worn)
 s - a +0 buckler (worn)
Jewellery
 o - the ring "Racw" (right hand) {Ice Int+6}
   (You bought it in a shop in the Dungeon)

   [ring of ice]

   It enhances your ice magic.
   Int:       It affects your intelligence (+6).
   rF:        It makes you vulnerable to fire.
   rC:        It protects you from cold.
 p - the ring of Lesser Demons (left hand) {rF++ rN+ Will+ Str-2 SInv}
   (You bought it in a shop in the Dungeon)

   [ring of willpower]

   Str:       It affects your strength (-2).
   rF:        It greatly protects you from fire.
   rN:        It protects you from negative energy.
   SInv:      It lets you see invisible.
   Will:      It increases your willpower.
 q - the amulet "Oratoh" (around neck) {Will+ Regen+}
   (You bought it in a shop in the Dungeon)

   [amulet of regeneration]

   Regen:     It increases your rate of health regeneration.
   Will:      It increases your willpower.
Wands
 k - a wand of iceblast (5)
 l - a wand of light (5)
Scrolls
 j - 4 scrolls of blinking
 m - 3 scrolls of fog
Potions
 e - a potion of curing
 f - 4 potions of heal wounds
 g - 2 potions of haste
 h - 2 potions of magic
 i - a potion of berserk rage
 n - a potion of resistance


   Skills:
 + Level 10.1 Fighting
 + Level 9.0 Maces & Flails
 - Level 8.0 Armour
 + Level 3.8 Dodging
 - Level 8.0 Shields
 + Level 8.8 Invocations


You had 7 spell levels left.
You didn't know any spells.
Your spell library was empty.

Dungeon Overview and Level Annotations

Branches:
Dungeon (1/1)

Altars:
Cheibriados
Dithmenos
Fedhas
Gozag
Kikubaaqudgha
Makhleb
Okawaru
Qazlal
Ru
Sif Muna
Trog
Uskayaw
Vehumet
Wu Jian
Xom
Yredelemnul
Zin
The Shining One
Lugonu

Shops:
D *[??*?*:[((!!!!


Innate Abilities, Weirdness & Mutations

You are immune to sickness and miasma.
Your stone body is resilient. (AC +5)
You are immune to poison.
You resist negative energy. (rN+)
You are resistant to electric shocks. (rElec)
You are resistant to unholy torment.
You are immune to petrification.


Message History

The rust devil is heavily wounded.
The rust devil completely misses you.
You completely miss the rust devil.
The rust devil is heavily wounded.
You hit the rust devil but do no damage.
The rust devil is heavily wounded.
The rust devil hits you! The rust devil corrodes you!
You sock the rust devil!
The rust devil is severely wounded.
The rust devil hits you!
* * * LOW HITPOINT WARNING * * *
The rust devil corrodes you!
You hit the rust devil but do no damage.
The rust devil is severely wounded.
You sock the rust devil!
The rust devil is almost dead.
The rust devil hits you.
* * * LOW HITPOINT WARNING * * *
The rust devil corrodes you!
An earth elemental comes into view.
You hit the rust devil but do no damage.
The rust devil is almost dead.
The rust devil hits you!
* * * LOW HITPOINT WARNING * * *
The rust devil corrodes you!
You feel much better. You block the rust devil's attack.
You sock the rust devil!
You kill the rust devil!
Okawaru is honoured by your kill.
Okawaru will now gift you throwing weapons as you gain piety.
Your Fighting skill increases to level 10!
Your Maces & Flails skill increases to level 9!
Your Dodging skill increases to level 3!
You see here a +0 mace.
A rust devil comes into view.
The rust devil screeches!
You hit the earth elemental but do no damage.
The earth elemental hits you!!!
Ouch! That really hurt!
You die...

#∩.......∩# #_........#
#_........# #_......._#
###.........###
#⌠...........§#
######.8........÷8.######
#._._......###...E..___∩##
∩........8.# #.8@......4∩###
..........†###)............##
........###...###..........⌠#
........# #.<.# #..........⌠#
........###..†###..).......⌠#
........†..###.............##
∩........8.# #.8........∩###
#∩___......###......_._∩##
######÷8.........8.######


You could see an earth elemental and a rust devil.

Vanquished Creatures
  A rust devil (D)
  A gargoyle (D)
  2 water moccasins (D)
  6 killer bees (D)
  An iron imp (D)
  Terence (D)
  An iguana (D)
  2 adders (D)
  2 ball pythons (D)
  A goblin (D)
  A hobgoblin (D)
  A rat (D)
20 creatures vanquished.

Notes
Turn   | Place    | Note
-------+----------+-------------------------------------------
     0 | D        | fozzywoppz the Gargoyle Fighter began the quest for the
                  | Orb.
     0 | D        | Reached XP level 1. HP: 14/14 MP: 1/1
     1 | D        | Found an ornate altar of the Wu Jian Council.
     1 | D        | Found a shadowy altar of Dithmenos.
     2 | D        | Found a snail-covered altar of Cheibriados.
     3 | D        | Found a glowing golden altar of the Shining One.
     3 | D        | Found a shimmering altar of Xom.
     4 | D        | Found Nalay's Distillery.
     4 | D        | Found a hide-covered altar of Uskayaw.
     4 | D        | Found Malats's Do-It-Yourself Clinic.
     5 | D        | Found Qamojal's Distillery.
     5 | D        | Found Mucieti's Bottled Wisdom.
     5 | D        | Round 1.
     7 | D        | Found a corrupted altar of Lugonu.
     7 | D        | Found an ancient bone altar of Kikubaaqudgha.
     7 | D        | Found a bloodstained altar of Trog.
     7 | D        | Found Poilasitt's Staff Store.
     7 | D        | Found Qahiffet's Magic Scroll Shop.
     8 | D        | Found Etoj's Must-Have Magic.
     8 | D        | Found Wapopenocy's Magic Scroll Shop.
    26 | D        | Found an opulent altar of Gozag.
    27 | D        | Found a shimmering blue altar of Sif Muna.
    28 | D        | Found a sacrificial altar of Ru.
    29 | D        | Found Lustrozo's Weapon Rack.
    30 | D        | Found a stormy altar of Qazlal.
    30 | D        | Found a radiant altar of Vehumet.
    30 | D        | Found Hejudit's Premium Goods.
    30 | D        | Found Juhet's Basic Armour.
    30 | D        | Found Lutucol's Miscellaneous Merchandise.
    34 | D        | Found a blossoming altar of Fedhas.
    35 | D        | Found an iron altar of Okawaru.
    36 | D        | Found a basalt altar of Yredelemnul.
    39 | D        | Found Qacaob's Identification Station.
    39 | D        | Found Quifroa's Advanced Armour.
    40 | D        | Found Koggui Teqo's Jewellery.
    42 | D        | Found a burning altar of Makhleb.
    42 | D        | Found a glowing silver altar of Zin.
    44 | D        | Became a worshipper of Warmaster Okawaru
    54 | D        | Bought a vibrating platinum ring for 45 gold pieces
    54 | D        | Identified the ring "Racw" {Ice Int+6} (You bought it in a
                  | shop in the Dungeon)
    54 | D        | Bought a twitching copper ring for 45 gold pieces
    54 | D        | Identified the ring of Lesser Demons {rF++ rN+ Will+ Str-2
                  | SInv} (You bought it in a shop in the Dungeon)
    54 | D        | Bought a fine bronze amulet for 45 gold pieces
    54 | D        | Identified the amulet "Oratoh" {Will+ Regen+} (You bought
                  | it in a shop in the Dungeon)
    74 | D        | Noticed an iguana
    87 | D        | Killed an iguana
    88 | D        | Reached skill level 4 in Fighting
    88 | D        | Reached XP level 2. HP: 14/20 MP: 2/2
    88 | D        | Reached XP level 3. HP: 17/24 MP: 3/3
    99 | D        | Noticed Terence
   112 | D        | Killed Terence
   112 | D        | Arena points: 12 (+12) [x2]
   113 | D        | Reached skill level 5 in Fighting
   113 | D        | Reached skill level 5 in Armour
   113 | D        | Reached skill level 5 in Shields
   113 | D        | Reached skill level 1 in Invocations
   148 | D        | Bought a +0 buckler for 54 gold pieces
   159 | D        | Round 2.
   161 | D        | Noticed a water moccasin
   177 | D        | Killed a water moccasin
   177 | D        | Reached * piety under Okawaru
   178 | D        | Reached skill level 6 in Fighting
   178 | D        | Reached skill level 5 in Maces & Flails
   178 | D        | Reached XP level 4. HP: 27/32 MP: 4/6
   178 | D        | Reached XP level 5. HP: 32/37 MP: 4/7
   265 | D        | Noticed a water moccasin
   283 | D        | Killed a water moccasin
   283 | D        | Arena points: 54 (+42) [x3]
   284 | D        | Reached skill level 7 in Fighting
   284 | D        | Reached skill level 5 in Invocations
   284 | D        | Reached XP level 6. HP: 42/44 MP: 9/9
   321 | D        | Round 3.
   332 | D        | Reached ** piety under Okawaru
   382 | D        | Reached skill level 8 in Fighting
   382 | D        | Reached XP level 7. HP: 22/49 MP: 11/11
   400 | D        | Arena points: 138 (+84) [x4]
   416 | D        | Bought 3 potions of heal wounds for 105 gold pieces
   448 | D        | Round 4.
   534 | D        | Noticed a gargoyle
   545 | D        | HP: 2/50 [gargoyle/stone arrow (22)]
   546 | D        | Noticed a rust devil
   556 | D        | Killed a gargoyle
   557 | D        | Reached skill level 9 in Fighting
   557 | D        | Reached XP level 8. HP: 27/56 MP: 12/14
   576 | D        | Killed a rust devil
   576 | D        | Reached *** piety under Okawaru
   577 | D        | Reached skill level 10 in Fighting
   579 | D        | Noticed a rust devil
   580 | D        | Slain by an earth elemental

Illustrated notes

Levels and vault maps discovered:
D:        arena_sprint

Skill      XL: |  1  2  3  4  5  6  7  8 |
---------------+-------------------------+-----
Fighting       | 4 6 7 8 9 10 | 10.1
Maces & Flails | 3 5 6 7 8 9 |  9.0
Armour         | 4 6 7 8 |  8.0
Shields        | 4 6 7 8 |  8.0
Invocations    | 3 5 6 8 |  8.8
Dodging        | 2 3 |  3.8

Action                     |  1- 3 |  4- 6 |  7- 9 || total
---------------------------+-------+-------+-------++-------
  Melee: Flail             |    32 |    73 |    56 ||   161
    Use: Potion            |     2 |       |     4 ||     6
 Armour: Scale mail        |     4 |       |       ||     4
         Ring mail         |     5 |    63 |    16 ||    84
  Dodge: Dodged            |     9 |    73 |    21 ||   103
  Block: Buckler           |     8 |    30 |    14 ||    52

Table legend: (Time is in decaauts)
 A = Elapsed time spent in this place.
 B = Non-inter-level travel time spent in this place.
 C = Inter-level travel time spent in this place.
 D = Time resting spent in this place.
 E = Time spent auto-exploring this place.
 F = Levels seen in this place.
 G = Mean time per level.
                   A        B        C        D        E       F      G
               +--------+--------+--------+--------+--------+-----+--------+
         Total |    573 |    573 |      0 |      2 |      0 |   1 |  573.0 |
       Dungeon |    573 |    573 |      0 |      2 |      0 |   1 |  573.0 |
               +--------+--------+--------+--------+--------+-----+--------+

Top non-repeatable levels by time:
       D: 573 daAuts
